 Dungeon Sprint DCSS version 0.30-a0-12-gd8047c6341 (webtiles) character file.

Game seed: 16142138878736361116

1273 Hubris850 the Martial Artist (level 8, -12/80 HPs)
             Began as a Merfolk Transmuter on Aug 23, 2022.
             Mangled by a skeletal warrior
             ... wielding a +0 mace
              (20 damage)
             ... in the Dungeon (Sprint II: "The Violet Keep of Menkaure").
             The game lasted 00:04:33 (520 turns).

Hubris850 the Martial Artist (Merfolk Transmuter)    Turns: 520, Time: 00:04:33

Health: -12/80     AC:  8    Str: 17    XL:     8   Next: 53%
Magic:  17/17      EV: 12    Int: 14    God:
Gold:   142        SH:  0    Dex: 15    Spells: 12/19 levels left

rFire   x . .      SeeInvis .      - Unarmed
rCold   + + +      Faith    .    (shield currently unavailable)
rNeg    . . .      Spirit   .    (body armour currently unavailable)
rPois   +          Reflect  .    (helmet currently unavailable)
rElec   .          Harm     .    (cloak currently unavailable)
rCorr   .          Rampage  .    (gloves currently unavailable)
Will    .....      NoTele   +    (boots currently unavailable)
Stlth   +.........               b - amulet of Ajeu {RegenMP rC+ Str+7}
HPRegen 0.23/turn                (no ring)
MPRegen 0.55/turn                (no ring)

@: ice-form (expiring)
A: freezing attack, boosted hp, large, (nimble swimmer 2), (mertail)
a: End Transformation


You were in the Dungeon.
You were a creature of crystalline ice.
You visited 1 branch You collected 729 gold pieces.
You spent 587 gold pieces at shops.

Inventory:

Armour
 a - a +0 robe (melded)
Jewellery
 b - the amulet of Ajeu (around neck) {RegenMP rC+ Str+7}
   (You bought it in a shop in the Dungeon)

   [amulet of magic regeneration]

   It increases your rate of magic regeneration.
   Str:       It affects your strength (+7).
   rC:        It protects you from cold.
Scrolls
 h - a scroll of blinking
Potions
 c - a potion of curing
 d - a potion of heal wounds
 e - a potion of haste
 f - 2 potions of magic


   Skills:
 + Level 7.6 Fighting
 + Level 5.4 Dodging
 + Level 13.6 Unarmed Combat
 - Level 6.3 Spellcasting
 - Level 9.0 Transmutations
 - Level 7.0 Ice Magic


You had 12 spell levels left.
You knew the following spells:

 Your Spells              Type           Power      Damage    Failure   Level
a - Beastly Appendage     Tmut           58%        N/A       1%          1
b - Ice Form              Ice/Tmut       26%        N/A       5%          4
c - Wereblood             Tmut           29%        N/A       1%          2

Your spell library contained the following spells:

 Spells                   Type           Power      Damage    Failure   Level
 Spider Form              Tmut/Pois      17%        N/A       7%          3


Dungeon Overview and Level Annotations

Branches:
Dungeon (1/1)

Altars:

Shops:
D =:[!=*?=(:(![([

Annotations:
D exclusion: oklob plant, Kirke


Innate Abilities, Weirdness & Mutations

You are a creature of crystalline ice.
You have a powerful freezing melee attack.
Your maximum health is increased.
Your armour is entirely melded.
You are incapable of wielding weapons or throwing items.
((You are very nimble when in or above water. (Stealth+, EV+, Speed+++)))
((Your lower body shifts to a powerful aquatic tail in water.))


Message History

You hear a hideous shriek!
The flying skull moves out of view.
You are engulfed in freezing vapours.
You resist.
This gate is marked as excluded!
Open it anyway? [Y]es or [N]o only, please.
This gate is marked as excluded!
Open it anyway?
You open the gate.
You are engulfed in freezing vapours.
You resist.
You are engulfed in freezing vapours.
You resist.
There is an open gate here.
You are engulfed in freezing vapours.
You resist.
You close the gate.
You are engulfed in freezing vapours.
You resist.
The polar bear growls angrily.
The fire dragon roars deafeningly!
You hear an angry growl.
A centaur warrior, Kirke and a skeletal warrior come into view.
A yaktaur captain comes into view.
Kirke shouts!
The yaktaur captain shouts!
You hear a trumpeting!
A kobold demonologist comes into view. It is wielding a +0 dagger.
A redback comes into view.
The redback moves out of view.
Your transformation is almost over.
The lava snake hisses angrily. x2; You hear an angry hiss.
The kobold demonologist shouts!
You barely miss the skeletal warrior. The skeletal warrior barely misses you.
You punch the skeletal warrior!
The skeletal warrior is lightly damaged.
A yaktaur captain opens the gate.
The skeletal warrior hits you with a +0 mace!
You barely miss the skeletal warrior.
The skeletal warrior is lightly damaged.
You barely miss the skeletal warrior.
The skeletal warrior is lightly damaged.
The skeletal warrior hits you with a +0 mace!
* * * LOW HITPOINT WARNING * * *
The kobold demonologist gestures wildly while chanting.
You hit the skeletal warrior but do no damage.
The skeletal warrior is lightly damaged.
The yaktaur captain hits you!
* * * LOW HITPOINT WARNING * * *
The skeletal warrior hits you with a +0 mace!!
You die...

####+#### ##§§°≈≈≈≈##
##°§○≈≈≈≈§≈## #
+§○○○≈≈°≈≈≈≈#
cs####○○○§≈≈≈§≈ Kc.~##§○SSS§
##########~c#○○c#+++##
#########~~@K..zY....#
.∩.∩....#~~~5.##+##..#
..∩.∩...#~5~~##. .##.####
...∩....#~~~~#..#..#....#
....∩.⌠.#~~####.).####..##
...∩.∩..#~##.###'###.##..#
..∩.∩...#~##..##.##.#.#..#
.∩.∩....'~+.##'.<.†###'..###
∩.∩.....#~##..##.##.#$#.§§.#


You could see Kirke, a yaktaur captain, a skeletal warrior, a centaur warrior, a
kobold demonologist, 3 lava snakes, a shadow imp (summoned) and an ufetubus
(summoned).

Vanquished Creatures
  An ice statue (D)
  A merfolk siren (D)
  2 wyverns (D)
  Menkaure (D)
  4 scorpions (D)
  3 worms (D)
12 creatures vanquished.

Notes
Turn   | Place    | Note
-------+----------+-------------------------------------------
     0 | D        | Hubris850 the Merfolk Transmuter began the quest for the
                  | Orb.
     0 | D        | Reached XP level 1. HP: 15/15 MP: 3/3
     2 | D        | Noticed a scorpion
     2 | D        | Noticed a scorpion
     2 | D        | Noticed a scorpion
     2 | D        | Noticed a scorpion
     6 | D        | Killed a scorpion
     7 | D        | Reached skill level 8 in Unarmed Combat
     7 | D        | Reached XP level 2. HP: 21/21 MP: 3/5
     7 | D        | Reached XP level 3. HP: 26/26 MP: 3/6
     7 | D        | Reached XP level 4. HP: 32/32 MP: 3/7
     9 | D        | Killed a scorpion
    10 | D        | Reached skill level 10 in Unarmed Combat
    10 | D        | Reached XP level 5. HP: 37/37 MP: 3/8
    11 | D        | Reached skill level 11 in Unarmed Combat
    13 | D        | Reached skill level 5 in Transmutations
    13 | D        | Reached XP level 6. HP: 43/43 MP: 3/11
    78 | D        | Learned a level 4 spell: Ice Form
    83 | D        | Learned a level 2 spell: Wereblood
   140 | D        | Noticed a merfolk siren
   146 | D        | Killed a merfolk siren
   147 | D        | Reached XP level 7. HP: 42/48 MP: 6/16
   228 | D        | Noticed a wyvern
   228 | D        | Noticed a wyvern
   231 | D        | Killed a wyvern
   232 | D        | Reached skill level 12 in Unarmed Combat
   233 | D        | Killed a wyvern
   234 | D        | Reached skill level 5 in Fighting
   262 | D        | Noticed an ice statue
   402 | D        | Noticed Menkaure
   411 | D        | Killed Menkaure
   412 | D        | Reached skill level 13 in Unarmed Combat
   412 | D        | Reached XP level 8. HP: 64/65 MP: 13/17
   415 | D        | Found Gublov's Antique Armour Emporium.
   416 | D        | Found Cohusou's Armour Shoppe.
   416 | D        | Found Icvisick's Distillery.
   416 | D        | Found Opilenei's Antique Weapon Emporium.
   417 | D        | Found Egomah's Book Shoppe.
   417 | D        | Found Baprac's Antique Weapon Emporium.
   417 | D        | Found Tigesot's Weapon Emporium.
   417 | D        | Found Xephiy's Jewellery Shoppe.
   418 | D        | Found Ixtaink's Assorted Antiques.
   418 | D        | Found Udyadoef's Magic Scroll Emporium.
   418 | D        | Found Kiopneti's Jewellery Shoppe.
   421 | D        | Found Ycistra's Distillery.
   421 | D        | Found Usurips's Antique Armour Emporium.
   421 | D        | Noticed a fire dragon
   421 | D        | Noticed an oklob plant
   422 | D        | Found Gubav's Jewellery Shoppe.
   422 | D        | Found Lastreleo's Book Shoppe.
   422 | D        | Noticed a polar bear
   423 | D        | Noticed a polar bear
   426 | D        | Noticed a wyvern
   427 | D        | Noticed a wyvern
   427 | D        | Noticed a flying skull
   428 | D        | Noticed a flying skull
   431 | D        | Noticed a flying skull
   431 | D        | Noticed a flying skull
   431 | D        | Noticed a flying skull
   432 | D        | Bought the amulet of Ajeu {RegenMP rC+ Str+7} for 587 gold
                  | pieces
   432 | D        | Noticed a flying skull
   433 | D        | Noticed a flying skull
   463 | D        | Killed an ice statue
   464 | D        | Reached skill level 5 in Dodging
   488 | D        | Noticed a flying skull
   488 | D        | Noticed a flying skull
   488 | D        | Noticed a flying skull
   488 | D        | Noticed a flying skull
   489 | D        | Noticed a flying skull
   508 | D        | Noticed a centaur warrior
   508 | D        | Noticed Kirke
   508 | D        | Noticed a skeletal warrior
   510 | D        | Noticed a yaktaur captain
   510 | D        | Noticed a kobold demonologist
   520 | D        | Mangled by a skeletal warrior

Illustrated notes

Levels and vault maps discovered:
D:        the_violet_keep_of_menkaure [sprint2_stairs_cluster_1,
          sprint2_shoproom, sprint2_temple, sprint2_basic_supplies,
          sprint2_obstacle_2, sprint2_obstacle_3, sprint2_obstacle_5,
          sprint2_obstacle_1, sprint2_obstacle_6, sprint2_timed_cluster_1,
          sprint2_smallroom_cluster_1, sprint2_smallroom_final_cluster_1,
          sprint2_transparent_cluster_1, sprint2_second_timed_cluster_1,
          sprint2_sniper_area_1, sprint2_heavy_combat_area_1,
          sprint2_mutation_trap_area_1, sprint2_forest_area_1,
          sprint2_light_combat_area_1, sprint2_behind_water_1,
          sprint2_near_end_vault_1]

Skill      XL: |  1  2  3  4  5  6  7  8 |
---------------+-------------------------+-----
Unarmed Combat | 8 10 11 13 | 13.6
Spellcasting   | 3 6 |  6.3
Transmutations | 5 9 |  9.0
Ice Magic      | 3 7 |  7.0
Fighting       | 6 7 |  7.6
Dodging        | 5 |  5.4

Action                   |  1- 3 |  4- 6 |  7- 9 || total
-------------------------+-------+-------+-------++-------
Melee: Unarmed           |     2 |    11 |    29 ||    42
       Punch             |       |     1 |       ||     1
 Cast: Beastly Appendage |     1 |     1 |       ||     2
       Wereblood         |       |     2 |       ||     2
       Ice Form          |       |     1 |     3 ||     4
  Use: Potion            |     2 |       |       ||     2
Armor: Skin              |     2 |     2 |     8 ||    12
Dodge: Dodged            |       |     1 |     7 ||     8

Table legend: (Time is in decaauts)
 A = Elapsed time spent in this place.
 B = Non-inter-level travel time spent in this place.
 C = Inter-level travel time spent in this place.
 D = Time resting spent in this place.
 E = Time spent auto-exploring this place.
 F = Levels seen in this place.
 G = Mean time per level.
                   A        B        C        D        E       F      G
               +--------+--------+--------+--------+--------+-----+--------+
         Total |    523 |    523 |      0 |    291 |      0 |   1 |  523.0 |
       Dungeon |    523 |    523 |      0 |    291 |      0 |   1 |  523.0 |
               +--------+--------+--------+--------+--------+-----+--------+

Top non-repeatable levels by time:
       D: 523 daAuts
